 Dungeon Crawl Stone Soup version 0.28-a0-1199-gef9e1dbd39 (webtiles) character file.

Game seed: 16165462893181229967

1657195 aMcNicky the Bludgeoner (level 23, 186/186 (254) HPs)
             Began as a Demonspawn Fighter on Dec 16, 2021.
             Was the Champion of Ru.
             Escaped with the Orb
             ... and 3 runes on Dec 19, 2021!
             The game lasted 03:37:33 (68714 turns).

aMcNicky the Bludgeoner (Demonspawn Fighter)       Turns: 68714, Time: 03:37:33

HP:   186/186 (254) AC: 42    Str: 23      XL:     23   Next: 86%
MP:   23/23         EV:  7    Int: 14      God:    Ru [******]
Gold: 4636          SH: 25    Dex: 13 (14) Spells: 22/22 levels left

rFire   . . .      SeeInvis +   a - +8 eveningstar (protect)
rCold   . . .      Faith    .   J - +2 tower shield
rNeg    + . .      Spirit   .   U - +2 storm dragon scales {Bai Suzhen}
rPois   .          Reflect  .   (helmet unavailable)
rElec   +          Harm     .   s - +1 cloak of Zecleuraab {Rampage rElec Int-5 Stlth+}
rCorr   +          Rampage  +   i - +2 pair of gloves
Will    ++++.      Rnd*Tele +   V - +2 pair of boots {Fly}
Stlth   +.........              g - amulet of the Little Devil {+Inv rN+ Regen+ Str+2}
HPRegen 1.21/turn               R - ring of resist corrosion
MPRegen 0.18/turn               O - ring of Jytwuf {Will++ AC+4 Int+4 Stlth-}

@: flying, very heavily drained
A: antennae 3, icemail 2, hated by all, inability to train dodging, no air
magic, no hexes magic, no necromancy magic, inexperienced 1, sanguine armour 2,
condensation shield, demonic magic 2, corrupting presence 1, hooves 1, thin
skeletal structure 1, camouflage 1, strong-willed 1, robust 3, screaming 1,
teleportitis 1, weak 1
0: Orb of Zot
}: 3/15 runes: decaying, abyssal, gossamer
a: Renounce Religion, Evoke Invisibility, Draw Out Power, Power Leap, Apocalypse


You escaped.
You worshipped Ru.
Ru was exalted by your worship.
You visited 10 branches of the dungeon, and saw 48 of its levels.
You visited the Abyss 2 times.
You also visited: Trove, Sewer, Gauntlet, Ice Cave and Wizlab.

You collected 6353 gold pieces.
You spent 1717 gold pieces at shops.


Innate Abilities, Weirdness & Mutations

You have a pair of large antennae on your head. (SInv)
A meltable icy envelope protects you from harm. (AC +8)
You are hated by all.
You cannot train Dodging skill.
You cannot study or cast Air magic.
You cannot study or cast Hexes magic.
You cannot study or cast Necromancy magic.
You are somewhat inexperienced. (-2 XL)
When seriously injured, your blood forms thick armour. (AC +0)
A meltable shield of frost defends you. (SH +4)
Spells you cast may paralyse nearby enemies.
Your presence sometimes corrodes those you injure.
You have large cloven feet.
You have a somewhat thin skeletal structure. (Dex +2, Stealth+)
Your skin changes colour to match your surroundings (Stealth+).
You are strong-willed. (Will+)
You are extremely robust. (+30% HP)
You occasionally shout uncontrollably at your foes.
You are occasionally teleported next to monsters.
You are weak. (Str -2)


   Skills:
 + Level 20.0 Fighting
 - Level 6.1 Long Blades
 + Level 20.7 Maces & Flails
 - Level 4.7 Polearms
 - Level 11.0 Slings
 + Level 17.3 Armour
 - Level 4.3 Stealth
 + Level 17.4 Shields
 + Level 18.0 Evocations


You had 22 spell levels left.
You didn't know any spells.
Your spell library contained the following spells:

 Spells                   Type           Power      Damage    Failure   Level
 Apportation              Tloc           0%         N/A       97%         1
 Freeze                   Ice            0%         1d3       97%         1
 Sting                    Tmut/Pois      0%         1d3       97%         1
 Blink                    Tloc           0%         N/A       99%         2
 Passwall                 Tmut/Erth      0%         N/A       99%         2
 Scorch                   Fire           0%         2d5       99%         2
 Wereblood                Tmut           0%         N/A       99%         2
 Frozen Ramparts          Ice            0%         1d2       100%        3
 Stone Arrow              Conj/Erth      0%         3d7       100%        3
 Flame Wave               Conj/Fire      0%         2d4       100%        4
 Hailstorm                Conj/Ice       0%         3d3       100%        4
 Iskenderun's Mystic Bla  Conj/Tloc      0%         2d3       100%        4
 Olgreb's Toxic Radiance  Pois           0%         N/A       100%        4
 Passage of Golubria      Tloc           0%         N/A       100%        4
 Petrify                  Tmut/Erth      0%         N/A       100%        4
 Alistair's Intoxication  Tmut/Pois      0%         N/A       100%        5
 Fireball                 Conj/Fire      0%         3d3       100%        5
 Irradiate                Conj/Tmut      0%         3d13      100%        5
 Iskenderun's Battlesphe  Conj           0%         2d6       100%        5
 Manifold Assault         Tloc           0%         N/A       100%        5
 Dispersal                Tloc           0%         N/A       100%        6
 Eringya's Noxious Bog    Tmut/Pois      0%         N/A       100%        6
 Iron Shot                Conj/Erth      0%         9d1       100%        6
 Starburst                Conj/Fire      0%         6d3       100%        6
 Statue Form              Tmut/Erth      0%         N/A       100%        6
 Disjunction              Tloc           0%         N/A       100%        8
 Ignition                 Fire           0%         3d3       100%        8
 Fire Storm               Conj/Fire      0%         5d1       100%        9
 Animate Skeleton         Necr           Unusable   N/A       N/A         1
 Pain                     Necr           Unusable   1d4       N/A         1
 Summon Small Mammal      Summ           Unusable   N/A       N/A         1
 Ensorcelled Hibernation  Hex/Ice        Unusable   N/A       N/A         2
 Poisonous Vapours        Pois/Air       Unusable   N/A       N/A         2
 Sublimation of Blood     Necr           Unusable   N/A       N/A         2
 Call Canine Familiar     Summ           Unusable   N/A       N/A         3
 Dazzling Flash           Conj/Hex       Unusable   N/A       N/A         3
 Portal Projectile        Hex/Tloc       Unusable   N/A       N/A         3
 Swiftness                Air            Unusable   N/A       N/A         3
 Tukima's Dance           Hex            Unusable   N/A       N/A         3
 Leda's Liquefaction      Hex/Erth       Unusable   N/A       N/A         4
 Yara's Violent Unravell  Hex/Tmut       Unusable   3d3       N/A         5
 Summon Cactus Giant      Summ           Unusable   N/A       N/A         6
 Haunt                    Necr/Summ      Unusable   N/A       N/A         7
 Spellforged Servitor     Conj/Summ      Unusable   N/A       N/A         7
 Storm Form               Tmut/Air       Unusable   N/A       N/A         7
 Summon Hydra             Summ           Unusable   N/A       N/A         7

Inventory:

Hand Weapons
 a - a +8 eveningstar of protection (weapon)
 b - the +11 fustibalus "Mugaz" {vorpal, *Corrode rElec rC+ Str+2}
   (You found it in a treasure trove)

   Any ammunition fired from it inflicts extra damage upon your enemies.
   Str:       It affects your strength (+2).
   rC:        It protects you from cold.
   rElec:     It insulates you from electricity.
   *Corrode:  It may corrode you when you take damage.
 w - the +5 demon whip "Spellbinder" {antimagic, Will+}
   (You found it in a treasure trove)

   It reduces the magical energy of the wielder, and disrupts the spells and
   magical abilities of those it strikes.
   Natural abilities and divine invocations are not affected.
   It unleashes wild and unpredictable magical effects upon striking a wizard or
   a creature with magical abilities.
   Will:      It increases your willpower.
Missiles
 q - 821 stones (quivered)
 I - 4 throwing nets {=f}
Armour
 i - a +2 pair of gloves (worn)
 s - the +1 cloak of Zecleuraab (worn) {Rampage rElec Int-5 Stlth+}
   (You found it on level 1 of the Elven Halls)

   Int:       It affects your intelligence (-5).
   rElec:     It insulates you from electricity.
   Rampage:   It bestows one free step when moving towards enemies.
   Stlth:     It makes you more stealthy.
 J - a +2 tower shield (worn)
 U - +2 storm dragon scales (worn) {Bai Suzhen}
 V - a +2 pair of boots of flying (worn)
Jewellery
 g - the amulet of the Little Devil (around neck) {+Inv rN+ Regen+ Str+2}
   (You acquired it on level 2 of the Orcish Mines)

   [amulet of regeneration]

   Str:       It affects your strength (+2).
   rN:        It protects you from negative energy.
   +Inv:      It lets you turn invisible.
   Regen:     It increases your rate of health regeneration.
 F - a ring of fire
 O - the ring of Jytwuf (right hand) {Will++ AC+4 Int+4 Stlth-}
   (You took it off a spriggan berserker on level 2 of the Depths)

   [ring of protection]

   AC:        It affects your AC (+4).
   Int:       It affects your intelligence (+4).
   Will:      It greatly increases your willpower.
   Stlth:     It makes you less stealthy.
 R - a ring of resist corrosion (left hand)
Wands
 d - a wand of acid (19)
 m - a wand of mindburst (39)
 L - a wand of iceblast (31)
 S - a wand of flame (97)
 X - a wand of polymorph (40)
 Y - a wand of paralysis (9)
 Z - a wand of digging (3)
Scrolls
 f - 3 scrolls of blinking
 k - 19 scrolls of teleportation {@r4}
 l - 11 scrolls of immolation {!r}
 o - 9 scrolls of fog
 r - 6 scrolls of enchant armour
 x - 6 scrolls of fear
 y - 6 scrolls of silence {!r}
 G - 4 scrolls of magic mapping
 H - 10 scrolls of vulnerability {!r}
 Q - 5 scrolls of identify {@r1}
Potions
 c - 3 potions of haste {@q3}
 e - 21 potions of curing {@q1}
 h - 5 potions of might
 j - 3 potions of berserk rage {!q}
 n - 7 potions of brilliance
 t - 11 potions of mutation {!q}
 u - 7 potions of attraction {!q}
 z - a potion of heal wounds {@q2}
 A - a potion of cancellation
 C - a potion of resistance
 M - 6 potions of lignification {!q}
 N - 3 potions of invisibility
 T - 5 potions of ambrosia
 W - 2 potions of magic
Miscellaneous
 B - a condenser vane
 D - a tin of tremorstones (2/2)
 K - a lightning rod (4/4)

Dungeon Overview and Level Annotations

Branches:
Dungeon (15/15)            Temple (1/1) D:4            Lair (6/6) D:8
  Swamp (4/4) Lair:3       Spider (4/4) Lair:2        Slime (0/5) Lair:5
    Orc (2/2) D:11            Elf (3/3) Orc:2        Vaults (4/5) D:13
  Crypt (0/3) Vaults:2     Depths (4/4) D:15            Zot (5/5) Depths:4
  Sewer (visited)           IceCv (visited)          WizLab (visited)
Gauntlet (visited)

Altars:
Ashenzari
Cheibriados
Dithmenos
Elyvilon
Fedhas
Kikubaaqudgha
Nemelex Xobeh
Okawaru
Qazlal
Ru
Trog
Uskayaw
Wu Jian
Xom
Yredelemnul
Zin
The Shining One
Beogh
Jiyva

Shops:
D:14 :   Orc:2 **?[   Vaults:1 (   Vaults:4 [   Depths:3 [

Portals:
Hell: Depths:1 Depths:2 Depths:3 Depths:4
Abyss: Depths:1 Depths:3 Depths:4
Pandemonium: Depths:2 Depths:3 Depths:4
Ziggurat: Depths:4

Annotations:
Swamp:3 2 transporters
Orc:1 2 transporters, sn0wgr3's ghost, journeyman MiFi
Elf:2 4 runed translucent doors, Erips's ghost, adept TrFi
Depths:4 exclusions: angel, daeva and 2 more exclusions
Zot:5 2 transporters, 1 exclusion, wineyard's ghost, legendary FoTm

##........###....###.
#........# #..#..##.
##.......## ##.######
#...#....# ##.# #
#..#....## ##..## #
#.##)...# #.#..##
####...## #.#...####
##.3.## ##.#)###..
#..@.# ##.#..##.#
##...# #.##.....#
##...# ##.##.....#
#...## #..####...#
#..## ###.## #..##
#..# ##...# #..# ####
#....# #### ###.##
#.##########


You could see a sixfirhy.


Message History

You block the sun demon's attack.
You hit the sun demon.
You kill the sun demon!
A Hell Sentinel comes into view.
The Hell Sentinel moves out of view.
There is an escape hatch in the ceiling here.
A mysterious force pulls you upwards. The hatch slams shut behind you.
There is an open door here.
There is a stone staircase leading up here.
You fly upwards.
There is a stone staircase leading down here.
There is a stone staircase leading up here.
You fly upwards.
There is a stone staircase leading down here.
There is an open door here.
You sense a monster nearby.
Okay, then.
You don't know any spells.
Aiming: Dig
Press: ? - help, Shift-Dir - straight line A rock wall.
This square is covered in magical glow.
The rock shatters into small pieces.
A blizzard demon comes into view.
You see here a +0 spear.
A sixfirhy comes into view.
The sixfirhy moves out of view.
There is a staircase leading out of the dungeon here.
You block the sixfirhy's attack.
You have escaped!

Skill      XL: |  1  2  3  4  5  6  7  8  9 10 11 12 13 14 15 16 17 18 19 20 21 22 23 |
---------------+----------------------------------------------------------------------+-----
Polearms       | 2 3 4 |  4.7
Fighting       | 4 5 8 9 10 11 12 13 14 15 16 17 18 19 20 | 20.0
Long Blades    | 2 4 6 |  6.1
Maces & Flails | 6 8 10 11 13 14 15 16 17 18 19 20 | 20.7
Armour         | 3 5 6 7 8 9 10 11 12 13 14 15 16 17 | 17.3
Shields        | 3 5 6 7 8 9 10 11 12 13 14 15 16 17 | 17.4
Evocations     | 4 5 7 8 10 11 12 13 14 15 17 18 | 18.0
Slings         | 1 6 8 10 11 | 11.0
Stealth        | 4 |  4.3

Action                   |  1- 3 |  4- 6 |  7- 9 | 10-12 | 13-15 | 16-18 | 19-21 | 22-24 || total
-------------------------+-------+-------+-------+-------+-------+-------+-------+-------++-------
Melee: Trident           |    64 |   170 |       |       |       |       |       |       ||   234
       Scimitar          |       |    91 |   117 |       |       |       |       |       ||   208
       Flail             |       |       |   434 |       |       |       |       |       ||   434
       Eveningstar       |       |       |   109 |   834 |  1234 |  1522 |   569 |  1524 ||  5792
       Great mace        |       |       |       |       |    46 |       |       |       ||    46
       Bite              |       |       |       |       |       |       |       |   223 ||   223
 Fire: Fustibalus        |       |       |       |       |   318 |   307 |    62 |     9 ||   696
Invok: Sacrifice Love    |     1 |       |       |       |       |       |       |       ||     1
       Sacrifice Nimblen |       |       |     1 |       |       |       |       |       ||     1
       Sacrifice Experie |       |       |     1 |       |       |       |       |       ||     1
       Sacrifice Arcana  |       |       |     1 |       |       |       |       |       ||     1
       Draw Out Power    |       |       |       |     1 |       |       |       |       ||     1
       Apocalypse        |       |       |       |     6 |     6 |    11 |     2 |    12 ||    37
 Abil: Evoke Invisibilit |       |       |       |       |     2 |       |       |     1 ||     3
Evoke: Wand              |       |     3 |    11 |    13 |     4 |     1 |     2 |     4 ||    38
       Lightning rod     |       |       |       |       |     1 |     3 |       |       ||     4
       Condenser vane    |       |       |       |       |       |     3 |     2 |     5 ||    10
       Tin of tremorston |       |       |       |       |       |     2 |     2 |       ||     4
  Use: Potion            |     1 |       |     2 |     2 |     4 |     3 |     3 |    32 ||    47
       Scroll            |       |       |    11 |    10 |    20 |     9 |     2 |    17 ||    69
 Stab: Invisible         |       |       |     4 |     5 |    17 |    13 |    18 |    12 ||    69
       Distracted        |       |       |     3 |     4 |     5 |    11 |     4 |    13 ||    40
       Paralysed         |       |       |     2 |     8 |    10 |    21 |    17 |    10 ||    68
Armor: Scale mail        |     8 |   107 |    25 |       |       |       |       |       ||   140
       Chain mail        |       |       |   244 |       |       |       |       |       ||   244
       Plate armour      |       |       |    18 |   291 |   865 |   133 |       |       ||  1307
       Storm dragon scal |       |       |       |       |       |   622 |   201 |   506 ||  1329
Dodge: Dodged            |    11 |   100 |   161 |   177 |   253 |   215 |    75 |   146 ||  1138
Block: Buckler           |    16 |   154 |   305 |   328 |   201 |       |       |       ||  1004
       Reflection        |     3 |     4 |     8 |     7 |     1 |       |       |       ||    23
       Tower shield      |       |       |       |       |  1230 |  1601 |   438 |  1043 ||  4312
       Other             |       |       |       |       |     8 |       |       |       ||     8

Levels and vault maps discovered:
D:1:      dpeg_arrival_arbitrary_a, layout_basic
D:2:      layout_loops_cross, hellmonk_ecumenical_altar_watching_god,
          basic_altar, uniq_crazy_yiuf_cottage, uniq_terence
D:3:      layout_loops_corners, okawaru_altar_gauntlet_db, minitemple,
          portal_sewer_entry_a, minmay_box_of_dots
D:4:      layout_cave_pools, mainiacjoe_overflow_concentric_impassable,
          bloody_trog, grunt_dithmenos_smoke, minmay_temple_entry_trees,
          roderic_roman_lattice, minmay_tree_intersection, grunt_ministairs_11,
          nicolae_underground_beach, uniq_duvessa, uniq_menkaure
D:5:      layout_basic
D:6:      layout_gridville, slow_altar_2, kennysheep_generic_room_12,
          uniq_edmund
D:7:      layout_rooms, ebering_ghost_xom
D:8:      layout_gridville, due_lair_maze_entry_diamond, uniq_maurice,
          uniq_harold
D:9:      layout_irregular_city, eino_jars, uniq_grum, uniq_prince_ribbit1
D:10:     layout_small_grid, nicolae_kikubaaqudgha_miasma_corner,
          nicolae_trove_entry_isolated, ebering_ghost_disaster_area,
          hangedman_decor_riveting, patterned_corridor
D:11:     layout_basic, david_orc_4, ebering_ghost_xom, uniq_nergalle
D:12:     layout_roguey, uniq_fannar, uniq_azrael
D:13:     layout_basic, david_vaults_3, hangedman_decor_peaks_small
D:14:     layout_basic, serial_shops, nicolae_shop_advertising_works
          [nicolae_subvault_shop_adworks], lightli_airlock
D:15:     grunt_enter_depths_magical_seal, layout_basic, good_gods_temple_1
Temple:   jpeg_temple_island
Lair:1:   layout_layer_cave, gammafunk_ghost_icy, gauntlet_entry_generic,
          wad_woods_river_01
Lair:2:   layout_regular_city, spider_nest_entry_funnel_web,
          infiniplex_staircase_pool_2
Lair:3:   layout_regular_city, palyth_hydra_swamp_entry, portal_ice_cave_rime,
          beast_lair_carwin_8, grunt_megastairs_3
Lair:4:   layout_cave_pods, minmay_lair_drake_nest, grunt_megastairs_4,
          lemuel_fruit_tree
Lair:5:   layout_cave_pods, slime_altar_1
Lair:6:   minmay_lair_end_frog_pond, layout_cave_pods, serial_bayou_lagoon_a,
          uniq_snorg
Swamp:1:  layout_basic_swamp, gammafunk_ghost_berserking_beasts,
          evilmike_swamp_ruin_house_1, swamp_pool5
Swamp:2:  layout_falls_marsh, evilmike_swamp_ruin_wall, swamp_pool1,
          ldierk_geyser
Swamp:3:  gammafunk_worm_tunnel, layout_basic_swamp, nicolae_swamp_tree_designs,
          hangedman_swamp_phenomena, uniq_roxanne, uniq_nikola
Swamp:4:  byrel_swamp_growth_death_and_undeath, layout_basic_swamp, swamp_pool5,
          uniq_bai_suzhen
Spider:1: layout_spider_delve, nicolae_spider_swamp_cousins, uniq_jorgrun,
          uniq_louise
Spider:2: layout_spider_delve
Spider:3: layout_chambers
Spider:4: guppyfry_spider_rune
Orc:1:    layout_diamond_mine, gammafunk_ghost_stat_death
Orc:2:    st_orc_open, layout_diamond_mine, basic_altar, bh_open_orc_temple
Elf:1:    nicolae_elf_arrival_fired_up, layout_gridlike, minivault_28,
          uniq_agnes
Elf:2:    elven_hall_of_blades_hangedman_original
          [nicolae_blade_entry_antechamber], layout_loops_ring, special_room
          [special_room_orc], infiniplex_enter_wizlab_spiral,
          ebering_ghost_reflecting_pool, hangedman_elf_disciples
Elf:3:    minmay_elf_hall_spiked, layout_rooms
Vaults:1: v_pattern_2, vaults_mumra_hexcomb, vaults_room_ringed_pool,
          hangedman_vaults_capsules, v_misc_13, ontoclasm_vaults_pinch,
          grunt_vaults_focal, v_misc_24, layout_vaults_omnigrid, serial_shops,
          nicolae_shop_bloodbath_and_beyond, uniq_asterion
Vaults:2: vaults_room_semicircle, nicolae_vaults_back_hallway,
          minmay_crypt_entry_simple_statues, nicolae_vaults_puzzle_piece,
          ontoclasm_vaults_ring_large, ontoclasm_vaults_chip,
          hangedman_vaults_corner_blocks, vaults_standard_mumra_lines,
          grunt_vaults_swirl, vaults_mumra_minichess,
          nicolae_vaults_circle_grid_a, v_pattern_4, layout_vaults_maze
Vaults:3: vaults_standard_mumra_enter_the_diamond, hangedman_vaults_locks,
          v_misc_22, nicolae_vaults_specimen_jars, nicolae_vaults_what_the_h,
          st_diamondy, hangedman_vaults_nails, nicolae_vaults_asterisk,
          v_misc_14, nicolae_vaults_rhombus_5, v_misc_1, v_alt_pattern_5,
          ontoclasm_vaults_ligature, v_misc_17, vaults_dpeg_ring,
          vaults_room_stairs_pillars, vaults_room_grid, layout_vaults_ring,
          uniq_donald, uniq_mara
Vaults:4: hangedman_vaults_cutoff, hangedman_vaults_impose, v_misc_11,
          nicolae_vaults_shelves_hall, nicolae_vaults_alarming,
          nicolae_vaults_an_arrangement, vaults_room_door_hall, v_alt_pattern_6,
          v_alt_pattern_2, grunt_vaults_hallway_short, v_misc_23,
          vaults_mumra_lcd, vaults_dpeg_cross, nicolae_vaults_little_squares_3,
          layout_vaults_chaotic_city, serial_shops, shop
Depths:1: layout_cave_pools, abyss_entry, hell_entry,
          chequers_serial_rivers_large_a, drop_trap, minmay_stone_trees_small,
          chequers_serial_rivers_micro_d, minivault_16, water_maze_lemuel,
          uniq_enchantress
Depths:2: minmay_the_grid_octo_tiled_octocenter_mashed
          [minmay_the_grid_octo_shrine, minmay_the_grid_octo_pinwheel,
          minmay_the_grid_octo_clover, minmay_the_grid_octo_toaster,
          minmay_the_grid_octo_prize_single_spiral,
          minmay_the_grid_square_5x5_hollow_slash,
          minmay_the_grid_square_5x5_longway,
          minmay_the_grid_square_5x5_gyroscope,
          minmay_the_grid_square_5x5_eight_small], layout_cave_pools, pan_entry,
          grunt_hell_entry_dis_grunt, dk_noncrumbling_4
Depths:3: minmay_box_of_statues, layout_gridlike, kennysheep_cross_room,
          rand_demon_pan_entry_7, abyss_entry, hangedman_geh_valley,
          infiniplex_staircase_zigzag_5, minmay_shop_star, uniq_xtahua
Depths:4: grunt_zot_entry_hairpin, layout_cave_pools, enter_ziggurat_c,
          minmay_strange_pillars, grunt_mini_vestibule,
          abyss_entry_small_statue_room, rand_demon_pan_entry_1
Zot:1:    layout_basic, hangedman_spider_trapstep
Zot:2:    layout_twisted_circle, grunt_megastairs_5
Zot:3:    layout_cellular_growth
Zot:4:    layout_gridlike
Zot:5:    layout_misc_corridors, gammafunk_ghost_arena,
          hangedman_zot_decor_slant

Notes
Turn   | Place    | Note
-------+----------+-------------------------------------------
     0 | D:1      | aMcNicky the Demonspawn Fighter began the quest for the
                  | Orb.
     0 | D:1      | Reached XP level 1. HP: 18/18 MP: 1/1
   171 | D:1      | Reached skill level 2 in Polearms
   171 | D:1      | Gained mutation: When seriously injured, your blood forms
                  | armour. (AC +0) [demonic ancestry]
   171 | D:1      | Reached XP level 2. HP: 15/24 MP: 2/2
  1011 | D:1      | Reached XP level 3. HP: 29/29 MP: 3/3
  1164 | D:2      | Noticed a golden eye
  1169 | D:2      | Noticed a great orb of eyes
  1171 | D:2      | Found a faded altar of an unknown god.
  1175 | D:2      | Noticed a shining eye
  1175 | D:2      | Noticed a floating eye
  1180 | D:2      | Prayed at the altar of an unknown god.
  1180 | D:2      | Became a worshipper of Ru the Awakened
  1202 | D:2      | Gained mutation: You are hated by all. [Ru sacrifice]
  1202 | D:2      | Reached * piety under Ru
  1202 | D:2      | Reached ** piety under Ru
  1346 | D:2      | Noticed Terence
  1368 | D:2      | Killed Terence
  1369 | D:2      | Reached skill level 3 in Polearms
  1369 | D:2      | Gained mutation: When seriously injured, your blood forms
                  | thick armour. (AC +0) [demonic ancestry]
  1369 | D:2      | Reached XP level 4. HP: 24/35 MP: 4/4
  1658 | D:2      | Found an iron altar of Okawaru.
  1912 | D:2      | Found a runed translucent door.
  1913 | D:2      | Noticed Crazy Yiuf
  2010 | D:2      | Killed Crazy Yiuf
  2426 | D:3      | Found a glowing drain.
  2440 | D:3      | Reached XP level 5. HP: 32/42 MP: 5/5
  2463 | D:3      | Reached skill level 4 in Fighting
  2471 | Sewer    | Entered a sewer
  2601 | Sewer    | Reached skill level 4 in Polearms
  2850 | Sewer    | Gained mutation: Spells you cast may paralyse adjacent
                  | enemies. [demonic ancestry]
  2850 | Sewer    | Reached XP level 6. HP: 32/49 MP: 6/6
  3322 | D:3      | Found a broken altar of Ashenzari.
  3329 | D:3      | Found a stormy altar of Qazlal.
  3330 | D:3      | Found an ornate altar of the Wu Jian Council.
  3330 | D:3      | Found a shimmering altar of Xom.
  3340 | D:3      | Found a sparkling altar of Nemelex Xobeh.
  3345 | D:3      | Found a hide-covered altar of Uskayaw.
  3682 | D:3      | Reached skill level 1 in Long Blades
  4098 | D:3      | Found an iron altar of Okawaru.
  4177 | D:4      | Found a staircase to the Ecumenical Temple.
  4177 | D:4      | Found a bloodstained altar of Trog.
  4281 | D:4      | Reached skill level 2 in Long Blades
  4284 | D:4      | Reached skill level 5 in Fighting
  4292 | D:4      | Reached XP level 7. HP: 51/56 MP: 7/7
  4296 | Temple   | Entered the Ecumenical Temple
  4352 | D:4      | Reached skill level 3 in Long Blades
  4666 | D:4      | Found a shadowy altar of Dithmenos.
  4672 | D:4      | Noticed Menkaure
  4752 | D:4      | Killed Menkaure
  4753 | D:4      | Reached skill level 4 in Long Blades
  4768 | D:4      | Gained mutation: You cannot train Dodging skill. [Ru
                  | sacrifice]
  4768 | D:4      | Reached *** piety under Ru
  5011 | D:4      | Noticed Duvessa
  5012 | D:4      | Noticed Dowan
  5021 | D:4      | Killed Duvessa
  5038 | D:4      | Killed Dowan
  5450 | D:5      | Entered Level 5 of the Dungeon
  5464 | D:5      | Reached skill level 6 in Fighting
  5488 | D:5      | Gained mutation: Spells you cast may paralyse nearby
                  | enemies. [demonic ancestry]
  5488 | D:5      | Reached XP level 8. HP: 57/64 MP: 8/8
  5499 | D:5      | Reached skill level 5 in Long Blades
  5696 | D:5      | Reached skill level 6 in Long Blades
  5971 | D:5      | Identified the +10 flail of Indomitability {freeze, rF+}
  6050 | D:5      | Reached skill level 1 in Maces & Flails
  6231 | D:5      | Reached skill level 2 in Maces & Flails
  6237 | D:5      | Reached skill level 7 in Fighting
  6596 | D:6      | Reached skill level 3 in Maces & Flails
  6690 | D:6      | Found a snail-covered altar of Cheibriados.
  6715 | D:6      | Noticed Edmund
  6988 | D:5      | Reached XP level 9. HP: 66/72 MP: 9/9
  7016 | D:6      | Killed Edmund
  7017 | D:6      | Reached skill level 4 in Maces & Flails
  7672 | D:7      | Found a runed translucent door.
  7673 | D:7      | Found a shimmering altar of Xom.
  7673 | D:7      | Noticed kae's ghost (novice HOFi)
  7674 | D:7      | Noticed a +0 spear of chaos
  7768 | D:7      | Reached skill level 5 in Maces & Flails
  7776 | D:7      | Gained mutation: You are somewhat inexperienced. (-2 XL)
                  | [Ru sacrifice]
  7776 | D:7      | Reached XP level 8. HP: 68/68 MP: 8/8
  7776 | D:7      | Reached XP level 7. HP: 61/61 MP: 7/7
  7776 | D:7      | Reached **** piety under Ru
  7776 | D:7      | Reached ***** piety under Ru
  8000 | D:7      | Reached skill level 8 in Fighting
  8110 | D:7      | Noticed a troll
  8118 | D:7      | Killed a troll
  8221 | D:7      | Reached skill level 6 in Maces & Flails
  8483 | D:8      | Reached skill level 3 in Armour
  8483 | D:8      | Reached skill level 3 in Shields
  8776 | D:8      | Reached XP level 8. HP: 52/69 MP: 8/8
  8872 | D:8      | Found a staircase to the Lair.
  8919 | D:8      | Noticed Harold
  8931 | D:8      | Killed Harold
  8932 | D:8      | Reached skill level 7 in Maces & Flails
  8932 | D:8      | Reached skill level 4 in Armour
  8953 | D:8      | Reached skill level 4 in Shields
  9142 | D:8      | Reached skill level 9 in Fighting
  9219 | D:8      | Noticed Maurice
  9227 | D:8      | Killed Maurice
  9458 | D:8      | You fall into a shaft and drop 3 floors!
  9490 | D:11     | Reached skill level 8 in Maces & Flails
 10018 | D:11     | Reached skill level 5 in Armour
 10103 | D:11     | Found a staircase to the Orcish Mines.
 10112 | D:11     | Reached skill level 5 in Shields
 10284 | D:11     | Identified the +5 scale mail of Zin's Castigation {rC- rN+
                  | Str+5}
 10439 | D:11     | Found a runed translucent door.
 10441 | D:11     | Found a shimmering altar of Xom.
 10441 | D:11     | Noticed whitenoisemaker's ghost (journeyman HuMo)
 10442 | D:11     | Noticed a +2 rapier of chaos
 10444 | D:10     | Entered Level 10 of the Dungeon
 10444 | D:10     | Found a large runed translucent door.
 10444 | D:10     | Found a large runed translucent door.
 10447 | D:10     | Noticed DEFE's ghost (journeyman DECA)
 10542 | D:10     | Found an ancient bone altar of Kikubaaqudgha.
 10550 | D:9      | Gained mutation: You cannot study or cast Air magic. [Ru
                  | sacrifice]
 10550 | D:9      | Gained mutation: You cannot study or cast Hexes magic. [Ru
                  | sacrifice]
 10550 | D:9      | Gained mutation: You cannot study or cast Necromancy magic.
                  | [Ru sacrifice]
 10550 | D:9      | Reached ****** piety under Ru
 10584 | D:9      | Reached XP level 9. HP: 75/77 MP: 9/9
 11097 | D:9      | Noticed Prince Ribbit
 11106 | D:9      | Killed Prince Ribbit
 11160 | D:9      | Identified a scroll of acquirement
 11180 | D:9      | Reached skill level 1 in Evocations
 11183 | D:9      | Reached skill level 9 in Maces & Flails
 11464 | D:9      | Noticed Grum
 11479 | D:9      | Killed Grum
 11953 | D:10     | Reached skill level 2 in Evocations
 12095 | D:10     | Found a portal to a secret trove of treasure.
 12120 | D:10     | Acquired the +5 eveningstar of Tension {freeze, *Noise
                  | rPois Str+8}
 12506 | D:10     | Reached skill level 10 in Fighting
 12751 | D:11     | Noticed Nergalle
 12758 | D:11     | Killed Nergalle
 13472 | D:11     | Reached skill level 6 in Armour
 13838 | D:12     | Noticed a centaur warrior
 13849 | D:12     | Killed a centaur warrior
 13850 | D:12     | Reached skill level 6 in Shields
 13850 | D:12     | Reached skill level 3 in Evocations
 13932 | D:12     | Noticed a two-headed ogre
 13938 | D:12     | Noticed Azrael
 14238 | Lair:1   | Entered Level 1 of the Lair of Beasts
 14261 | Lair:1   | Reached skill level 10 in Maces & Flails
 14408 | Lair:1   | Found a gate leading to a gauntlet.
 14417 | Gauntlet | Entered a Gauntlet
 14417 | Gauntlet | Found a transporter.
 14419 | Gauntlet | Noticed a reaper
 14420 | Gauntlet | Found a transporter.
 14421 | Gauntlet | Found a transporter.
 14422 | Gauntlet | Found a transporter.
 14425 | Gauntlet | Found a transporter.
 14426 | Gauntlet | Found a transporter.
 14427 | Gauntlet | Noticed a white ugly thing
 14430 | Gauntlet | Found a runed translucent door.
 14431 | Gauntlet | Noticed a glowing orange brain
 14434 | Gauntlet | Found a transporter.
 14435 | Gauntlet | Found a transporter.
 14438 | Gauntlet | Noticed a glowing orange brain
 14439 | Gauntlet | Noticed a fire crab
 14452 | Gauntlet | Found a runed translucent door.
 14466 | Gauntlet | Noticed a death drake
 14499 | Gauntlet | Killed a reaper
 14500 | Gauntlet | Reached skill level 4 in Evocations
 14500 | Gauntlet | Reached XP level 10. HP: 41/86 MP: 10/10
 14514 | Gauntlet | Identified a scarf of resistance
 14723 | Gauntlet | Identified the +1 hat of the Stone Wall {rC+ rN+ Int-4
                  | Stlth+}
 14825 | Gauntlet | Noticed a minotaur
 14841 | Gauntlet | Killed a minotaur
 15308 | Lair:1   | Found a runed translucent gate.
 15308 | Lair:1   | Found a runed translucent gate.
 15308 | Lair:1   | Found a runed translucent gate.
 15602 | Lair:1   | Reached skill level 7 in Armour
 15995 | Lair:1   | Noticed a five-headed hydra
 16003 | Lair:1   | Killed a five-headed hydra
 16004 | Lair:1   | Reached skill level 11 in Maces & Flails
 16107 | Lair:1   | Noticed Etinn's ghost (novice GrFi)
 16290 | Lair:1   | Killed Etinn's ghost
 16296 | Lair:1   | Reached skill level 7 in Shields
 16296 | Lair:1   | Reached skill level 5 in Evocations
 16705 | Lair:1   | Got the ring of Qemm {Fire Contam Str+4 SInv}
 16846 | Lair:2   | Reached skill level 11 in Fighting
 17276 | Lair:2   | Noticed a five-headed hydra
 17281 | Lair:2   | Killed a five-headed hydra
 17438 | Lair:2   | Found a hole to the Spider Nest.
 17950 | Lair:3   | Gained mutation: You have a pair of small antennae on your
                  | head. [demonic ancestry]
 17950 | Lair:3   | Reached XP level 11. HP: 68/93 MP: 11/11
 18057 | Lair:3   | Found a frozen archway.
 18066 | IceCv    | Entered an ice cave
 18844 | IceCv    | Reached skill level 6 in Evocations
 18928 | IceCv    | Reached skill level 12 in Maces & Flails
 18988 | IceCv    | HP: 8/93 [entropy weaver simulacrum (7)]
 18988 | IceCv    | HP: 3/93 [entropy weaver simulacrum (5)]
 19385 | IceCv    | Noticed a reaper
 19410 | IceCv    | Killed a reaper
 19411 | IceCv    | Reached skill level 8 in Armour
 20163 | Lair:3   | Reached skill level 8 in Shields
 20183 | Lair:3   | Acquired +1 ice dragon scales
 20785 | Lair:3   | Found a staircase to the Swamp.
 21178 | Lair:4   | Reached skill level 7 in Evocations
 22131 | Lair:4   | Reached skill level 12 in Fighting
 22526 | Lair:4   | Reached skill level 13 in Maces & Flails
 22807 | Lair:5   | Reached XP level 12. HP: 102/102 MP: 12/12
 22941 | Lair:5   | Found a staircase to the Slime Pits.
 23489 | Lair:6   | Entered Level 6 of the Lair of Beasts
 23806 | Lair:6   | Reached skill level 9 in Armour
 24124 | Lair:6   | Reached skill level 8 in Evocations
 24141 | Lair:6   | Reached skill level 9 in Shields
 24382 | Lair:6   | Noticed Snorg
 24392 | Lair:6   | Killed Snorg
 24495 | Lair:6   | Reached skill level 14 in Maces & Flails
 25952 | Orc:1    | Entered Level 1 of the Orcish Mines
 26429 | Orc:1    | Found a transporter.
 26436 | Orc:1    | Noticed sn0wgr3's ghost (journeyman MiFi)
 26449 | Orc:1    | Found a transporter.
 26462 | Orc:1    | Identified a +0 robe of resistance
 26876 | Orc:2    | Entered Level 2 of the Orcish Mines
 26878 | Orc:2    | Found Luivius's Armour Shoppe.
 26879 | Orc:2    | Found Raumi's Magic Scroll Emporium.
 26893 | Orc:1    | Gained mutation: A meltable shield of frost defends you.
                  | (SH +4) [demonic ancestry]
 26893 | Orc:1    | Reached XP level 13. HP: 109/109 MP: 13/13
 27089 | Orc:2    | Reached skill level 9 in Evocations
 27252 | Orc:2    | Reached skill level 13 in Fighting
 27844 | Orc:1    | Reached skill level 10 in Armour
 28135 | Orc:2    | Found Poic's General Store.
 28303 | Orc:2    | Found Bimey's Assorted Antiques.
 28312 | Orc:2    | Bought a scroll of blinking for 202 gold pieces
 28322 | Orc:2    | Bought a scroll of teleportation for 30 gold pieces
 28322 | Orc:2    | Bought a scroll of identify for 20 gold pieces
 28322 | Orc:2    | Bought a scroll of fear for 35 gold pieces
 28322 | Orc:2    | Bought a scroll of teleportation for 30 gold pieces
 28322 | Orc:2    | Bought a scroll of acquirement for 520 gold pieces
 28322 | Orc:2    | Bought a scroll of identify for 20 gold pieces
 28322 | Orc:2    | Bought a scroll of identify for 20 gold pieces
 28322 | Orc:2    | Acquired the amulet of the Little Devil {+Inv rN+ Regen+
                  | Str+2}
 28346 | Orc:2    | Bought a scroll of enchant armour for 112 gold pieces
 28376 | Orc:2    | Noticed an orc warlord
 28394 | Orc:2    | Killed an orc warlord
 28395 | Orc:2    | Reached skill level 10 in Shields
 28574 | Orc:2    | Found a staircase to the Elven Halls.
 28964 | D:11     | Killed whitenoisemaker's ghost
 28966 | D:11     | Identified the +1 cloak of Carved Mirth {Str+3 Dex+6}
 29081 | D:7      | Killed kae's ghost
 29183 | D:10     | Killed DEFE's ghost
 29261 | D:12     | Noticed Fannar
 29269 | D:12     | Killed Fannar
 29341 | D:12     | Killed Azrael
 29441 | D:12     | Reached skill level 15 in Maces & Flails
 29957 | D:13     | Noticed Rupert
 30027 | D:13     | Found a gate to the Vaults.
 30249 | D:13     | Killed Rupert
 31055 | D:14     | Found Jaumeq's Book Shop.
 31179 | D:14     | Found a runed translucent door.
 31208 | D:14     | Reached skill level 10 in Evocations
 31818 | D:14     | Reached XP level 14. HP: 119/119 MP: 14/14
 32346 | D:15     | Entered Level 15 of the Dungeon
 32541 | D:15     | Identified the +9 quarterstaff of Uncomfortable Rashes
                  | {vamp, Dex+3}
 32794 | D:15     | Reached skill level 11 in Armour
 32866 | D:15     | Reached skill level 11 in Shields
 32892 | D:15     | Reached skill level 14 in Fighting
 32898 | D:15     | Found a staircase to the Depths.
 33051 | D:15     | Reached skill level 16 in Maces & Flails
 33499 | Spider:1 | Entered Level 1 of the Spider Nest
 33506 | Spider:1 | Noticed Jorgrun
 33628 | Spider:1 | Killed Jorgrun
 33685 | Spider:1 | Noticed Louise
 34015 | Spider:1 | Killed Louise
 34356 | Spider:1 | Reached skill level 11 in Evocations
 34658 | Spider:2 | Identified 3 potions of resistance
 34788 | D:10     | You paid a toll of 3 potions of resistance to enter a
                  | treasure trove
 34789 | Trove    | Entered a treasure trove
 34791 | Trove    | Found the +5 demon whip "Spellbinder" {antimagic, Will+}
 34798 | Trove    | Identified the +11 fustibalus "Mugaz" {vorpal, *Corrode
                  | rElec rC+ Str+2}
 34801 | Trove    | Identified the +1 spear of Kyahud {speed, *Slow +Blink rN+
                  | Str+4}
 34802 | Trove    | Identified the +5 triple sword "Lifebane" {speed, +Blink
                  | rCorr}
 34803 | Trove    | Identified the +3 eveningstar of Intuition {vorpal, Fragile
                  | rElec SInv Stlth-}
 35705 | Spider:2 | Reached skill level 1 in Slings
 36059 | Spider:3 | Gained mutation: A meltable icy envelope protects you from
                  | harm. (AC +8) [demonic ancestry]
 36059 | Spider:3 | Reached XP level 15. HP: 120/127 MP: 15/15
 36195 | Spider:3 | Reached skill level 2 in Slings
 37246 | Spider:4 | Entered Level 4 of the Spider Nest
 37400 | Spider:4 | Reached skill level 3 in Slings
 38188 | Spider:4 | Reached skill level 4 in Slings
 38918 | Spider:4 | Got a gossamer rune of Zot
 39133 | Lair:2   | Upgraded the game from 0.28-a0-1174-g766a6a42ef to
                  | 0.28-a0-1190-g77e1c55843
 39222 | Swamp:1  | Entered Level 1 of the Swamp
 39412 | Swamp:1  | Reached skill level 12 in Armour
 39581 | Swamp:1  | Reached skill level 5 in Slings
 39604 | Swamp:1  | Reached skill level 12 in Shields
 39694 | Swamp:1  | Found a transporter.
 39838 | Swamp:1  | Noticed sn0wgr3's ghost (journeyman MiFi)
 39882 | Swamp:1  | Found a transporter.
 39959 | Swamp:1  | Killed sn0wgr3's ghost
 40012 | Swamp:1  | Identified the amulet of the Establishment {Acrobat *Slow
                  | rC++ rN+ Will+}
 40313 | Swamp:2  | Reached skill level 15 in Fighting
 40494 | Swamp:2  | Reached skill level 6 in Slings
 40723 | Swamp:2  | Reached skill level 17 in Maces & Flails
 40723 | Swamp:2  | Reached skill level 12 in Evocations
 41013 | Swamp:3  | Found a transporter.
 41143 | Swamp:3  | Gained mutation: You have a pair of antennae on your head.
                  | [demonic ancestry]
 41143 | Swamp:3  | Reached XP level 16. HP: 136/136 MP: 16/16
 41173 | Swamp:3  | Noticed Nikola
 41189 | Swamp:3  | Killed Nikola
 41334 | Swamp:3  | Found a transporter.
 41557 | Swamp:3  | Identified Roxanne's Disquisition on Stones
 41557 | Swamp:3  | Noticed Roxanne
 41574 | Swamp:3  | Killed Roxanne
 41822 | Swamp:4  | Entered Level 4 of the Swamp
 42151 | Swamp:4  | Reached skill level 7 in Slings
 42358 | Swamp:4  | Noticed Bai Suzhen
 42395 | Swamp:3  | Killed Bai Suzhen
 43488 | Swamp:4  | Got a decaying rune of Zot
 43797 | Vaults:1 | Entered Level 1 of the Vaults
 43797 | Vaults:1 | Found Tifewo's Weapon Emporium.
 43817 | Vaults:1 | Reached skill level 8 in Slings
 44575 | Vaults:1 | Noticed Asterion
 44581 | Vaults:1 | Killed Asterion
 45359 | Vaults:1 | Reached XP level 17. HP: 143/143 MP: 17/17
 45475 | Vaults:2 | Reached skill level 13 in Armour
 45477 | Vaults:2 | Reached skill level 9 in Slings
 45609 | Vaults:2 | Reached skill level 13 in Shields
 45685 | Vaults:2 | Reached skill level 13 in Evocations
 46428 | Vaults:2 | Reached skill level 16 in Fighting
 46728 | Vaults:2 | Found a staircase to the Crypt.
 46910 | Vaults:2 | Reached skill level 10 in Slings
 47327 | Vaults:3 | Noticed Mara
 47343 | Vaults:3 | Noticed aMcNicky's illusion
 47348 | Vaults:3 | Killed Mara
 47790 | Vaults:3 | You are sucked into a shaft and drop 1 floor!
 47827 | Vaults:3 | Noticed Donald
 47836 | Vaults:3 | Killed Donald
 48312 | Vaults:3 | Paralysed by a sphinx for 3 turns
 48814 | Vaults:3 | Reached XP level 18. HP: 153/153 MP: 18/18
 49081 | Vaults:4 | Reached skill level 11 in Slings
 49088 | Vaults:4 | Reached skill level 18 in Maces & Flails
 49213 | Vaults:4 | You are cast into the Abyss!
 49213 | Vaults:4 | Cast into level 2 of the Abyss (a wizard)
 49408 | Abyss:3  | Found a corrupted altar of Lugonu.
 49567 | Abyss:3  | Reached skill level 14 in Evocations
 49576 | Abyss:3  | Paralysed by accursed screaming for 1 turns
 49580 | Abyss:3  | Found a corrupted altar of Lugonu.
 49802 | Vaults:4 | You pass through the gate.
 49802 | Vaults:4 | Escaped the Abyss
 49832 | Vaults:4 | Reached skill level 14 in Armour
 49832 | Vaults:4 | Reached skill level 14 in Shields
 50612 | Vaults:4 | Found Xeaq's Antique Armour Emporium.
 50634 | Vaults:4 | Reached skill level 17 in Fighting
 50642 | Vaults:4 | Bought a bloodstained plate armour for 728 gold pieces
 50642 | Vaults:4 | Identified the +0 plate armour "Jayzutuhi" {-Tele Str+4
                  | Int+2} (You bought it in a shop on level 4 of the Vaults)
 50817 | Vaults:4 | Found the +2 hat of the Bear Spirit {Spirit, *Rage Will++}
 51622 | Depths:1 | Entered Level 1 of the Depths
 51750 | Depths:1 | Identified a +0 buckler of resistance
 51945 | Depths:1 | Noticed the Enchantress
 51957 | D:15     | Killed the Enchantress
 52435 | Depths:1 | Reached XP level 19. HP: 134/144 MP: 8/19
 53438 | Depths:1 | Found a one-way gate to the infinite horrors of the Abyss.
 53551 | Depths:1 | Found a gateway to Hell.
 54015 | Depths:2 | Found a hide-covered altar of Uskayaw.
 54017 | Depths:2 | Found an ornate altar of the Wu Jian Council.
 54018 | Depths:2 | Found a shimmering altar of Xom.
 54020 | Depths:2 | Reached skill level 15 in Evocations
 54020 | Depths:2 | Identified the ring of Jytwuf {Will++ AC+4 Int+4 Stlth-}
 54337 | Depths:2 | Found a one-way gate leading to the halls of Pandemonium.
 55278 | Depths:2 | Reached skill level 15 in Shields
 55498 | Depths:3 | Noticed a golden dragon
 55514 | Depths:3 | Killed a golden dragon
 55515 | Depths:3 | Reached skill level 15 in Armour
 55761 | Depths:3 | Reached skill level 19 in Maces & Flails
 55938 | Depths:3 | Found Suqesas's Armour Boutique.
 56068 | Depths:3 | HP: 3/145 [juggernaut simulacrum[a necromancer] (17)]
 56666 | Depths:3 | Noticed a golden dragon
 56667 | Depths:3 | Noticed Xtahua
 56687 | Depths:3 | Killed Xtahua
 56688 | Depths:3 | Killed a golden dragon
 56708 | Depths:3 | Noticed a golden dragon
 56720 | Depths:3 | Killed a golden dragon
 56744 | Depths:3 | Reached skill level 18 in Fighting
 57281 | Depths:4 | Entered Level 4 of the Depths
 57281 | Depths:4 | Identified 2 potions of experience
 57296 | Depths:4 | Noticed a juggernaut
 57333 | Depths:3 | Killed a juggernaut
 57413 | Depths:4 | Found a one-way gateway to a ziggurat.
 57456 | Depths:4 | Gained mutation: A meltable icy envelope protects you from
                  | harm. (AC +8) [demonic ancestry]
 57456 | Depths:4 | Reached XP level 20. HP: 126/170 MP: 20/20
 57545 | Depths:4 | Gained mutation: Your magical capacity is low. (-10% MP)
                  | [mutagenic glow]
 57580 | Depths:4 | Gained mutation: You sometimes lose the ability to read
                  | scrolls when taking damage. [mutagenic glow]
 57784 | Depths:4 | Reached skill level 4 in Stealth
 57784 | Depths:4 | Gained mutation: You have a pair of large antennae on your
                  | head. (SInv) [demonic ancestry]
 57784 | Depths:4 | Reached XP level 21. HP: 177/177 MP: 18/18
 57785 | Depths:4 | Reached XP level 22. HP: 184/184 MP: 19/19
 57815 | Depths:4 | Reached skill level 16 in Evocations
 57893 | Depths:4 | Lost mutation: You sometimes lose the ability to read
                  | scrolls when taking damage. [potion of mutation]
 57893 | Depths:4 | Gained mutation: Your body sometimes deteriorates upon
                  | taking damage. [potion of mutation]
 57893 | Depths:4 | Gained mutation: You have very sharp teeth. [potion of
                  | mutation]
 57893 | Depths:4 | Gained mutation: Your flesh is heat resistant. (rF+)
                  | [potion of mutation]
 57893 | Depths:4 | Gained mutation: You have large cloven feet. [potion of
                  | mutation]
 58016 | Depths:4 | Found a gate to the Realm of Zot.
 58948 | Elf:1    | Entered Level 1 of the Elven Halls
 59384 | Elf:1    | Noticed Agnes
 59397 | Elf:1    | Killed Agnes
 59502 | Elf:1    | Reached skill level 16 in Shields
 59508 | Elf:1    | Reached skill level 16 in Armour
 59624 | Elf:1    | Identified the +1 cloak of Zecleuraab {Rampage rElec Int-5
                  | Stlth+}
 60204 | Elf:2    | Found a magical portal.
 60209 | WizLab   | Entered Cigotuvi's Fleshworks
 60649 | WizLab   | Identified the amulet "Faestrea" {Acrobat rPois rCorr MP+9
                  | Stlth+}
 61020 | WizLab   | Reached skill level 19 in Fighting
 61110 | WizLab   | Got Cigotuvi's Handbook of Unholy Shape Shifting
 61118 | WizLab   | Got the Incunabulum of Changing
 61426 | Elf:2    | Found a runed translucent door.
 61429 | Elf:2    | Noticed Erips's ghost (adept TrFi)
 61497 | Elf:2    | Found a runed translucent gate.
 61497 | Elf:2    | Found a runed translucent gate.
 61497 | Elf:2    | Found a runed translucent gate.
 61632 | Elf:2    | Reached skill level 20 in Maces & Flails
 62054 | Elf:2    | Lost mutation: Your magical capacity is low. (-10% MP)
                  | [potion of mutation]
 62054 | Elf:2    | Lost mutation: You have large cloven feet. [potion of
                  | mutation]
 62054 | Elf:2    | Gained mutation: You are robust. (+10% HP) [potion of
                  | mutation]
 62054 | Elf:2    | Gained mutation: You are strong-willed. (Will+) [potion of
                  | mutation]
 62054 | Elf:2    | Gained mutation: Your skin changes colour to match your
                  | surroundings (Stealth+). [potion of mutation]
 62054 | Elf:2    | Gained mutation: You have sharp fingernails. [potion of
                  | mutation]
 62073 | Elf:3    | Entered Level 3 of the Elven Halls
 62240 | Elf:3    | Got Cerebov's Papyrus of the Arsonist
 62329 | Elf:3    | Reached skill level 17 in Evocations
 62975 | Elf:3    | Gained mutation: Your presence sometimes corrodes those you
                  | injure. [demonic ancestry]
 62975 | Elf:3    | Reached XP level 23. HP: 213/213 MP: 23/23
 63188 | Elf:3    | Identified the +8 flail of Doom {vorpal, MP+9}
 63233 | Elf:3    | Identified the +11 great sword of the Purple Skies {speed,
                  | rElec rPois Str+3}
 63520 | Elf:3    | Identified the amulet "Fukhle Fascho" {Acrobat Harm}
 63939 | Elf:3    | Identified the +3 hunting sling of the Leaping Enemy
                  | {vorpal, rC- Int+5 Dex+8}
 64004 | Elf:3    | Identified the +5 longbow of the Living Dead {vorpal,
                  | rElec}
 64378 | D:10     | Upgraded the game from 0.28-a0-1190-g77e1c55843 to
                  | 0.28-a0-1199-gef9e1dbd39
 64563 | Depths:1 | Voluntarily entered the Abyss.
 64593 | Abyss:3  | Found a corrupted altar of Lugonu.
 64593 | Abyss:3  | Found a corrupted altar of Lugonu.
 64604 | Abyss:3  | Got an abyssal rune of Zot
 64636 | Depths:1 | You pass through the gate.
 64636 | Depths:1 | Escaped the Abyss
 64815 | Zot:1    | Entered Level 1 of the Realm of Zot
 65908 | Zot:5    | Entered Level 5 of the Realm of Zot
 65909 | Zot:5    | Found a transporter.
 65918 | Zot:5    | Noticed wineyard's ghost (legendary FoTm)
 65977 | Zot:5    | Found a transporter.
 66060 | Zot:5    | Reached skill level 17 in Shields
 66127 | Zot:5    | Reached skill level 17 in Armour
 66992 | Zot:5    | Found a transporter.
 66994 | Zot:5    | Found a transporter.
 67234 | Zot:5    | Noticed an orb of fire
 67244 | Zot:5    | Gained mutation: Your spells are a little easier to cast,
                  | but a little less powerful. [an orb of fire]
 67248 | Zot:5    | Killed an orb of fire
 67249 | Zot:5    | Noticed a Killer Klown
 67252 | Zot:5    | Noticed an electric golem
 67291 | Zot:5    | Killed an electric golem
 67299 | Zot:5    | Killed a Killer Klown
 67416 | Zot:5    | Noticed a dread lich
 67437 | Zot:5    | Killed a dread lich
 67464 | Zot:5    | Noticed an orb of fire
 67468 | Zot:5    | Gained mutation: You are dopey. (Int -2) [an orb of fire]
 67469 | Zot:5    | Gained mutation: You occasionally shout uncontrollably at
                  | your foes. [an orb of fire]
 67470 | Zot:5    | Noticed an orb of fire
 67476 | Zot:5    | Noticed an orb of fire
 67478 | Zot:5    | Noticed a Killer Klown
 67489 | Zot:5    | Killed an orb of fire
 67489 | Zot:5    | Noticed an orb of fire
 67498 | Zot:5    | Gained mutation: You sometimes lose the ability to read
                  | scrolls when taking damage. [an orb of fire]
 67501 | Zot:5    | Gained mutation: You are occasionally teleported next to
                  | monsters. [an orb of fire]
 67520 | Zot:5    | Gained mutation: You are weak. (Str -2) [an orb of fire]
 67523 | Zot:5    | HP: 6/193 [orb of fire/fireball (40)]
 67524 | Zot:5    | Gained mutation: You tend to lose your temper in combat.
                  | [an orb of fire]
 67665 | Zot:5    | Lost mutation: Your body sometimes deteriorates upon taking
                  | damage. [potion of mutation]
 67665 | Zot:5    | Gained mutation: You are highly strong-willed. (Will++)
                  | [potion of mutation]
 67665 | Zot:5    | Gained mutation: Your spells are easier to cast, but less
                  | powerful. [potion of mutation]
 67665 | Zot:5    | Gained mutation: You have sharp toenails. [potion of
                  | mutation]
 67666 | Zot:5    | Lost mutation: You have sharp toenails. [potion of
                  | mutation]
 67666 | Zot:5    | Lost mutation: You sometimes lose the ability to read
                  | scrolls when taking damage. [potion of mutation]
 67666 | Zot:5    | Lost mutation: You are weak. (Str -2) [potion of mutation]
 67666 | Zot:5    | Gained mutation: Armour fits poorly on your strangely
                  | shaped body. [potion of mutation]
 67666 | Zot:5    | Lost mutation: Your spells are easier to cast, but less
                  | powerful. [potion of mutation]
 67666 | Zot:5    | Gained mutation: Your muscles are strong. (Str +2) [potion
                  | of mutation]
 67667 | Zot:5    | Lost mutation: You are highly strong-willed. (Will++)
                  | [potion of mutation]
 67667 | Zot:5    | Lost mutation: You occasionally shout uncontrollably at
                  | your foes. [potion of mutation]
 67667 | Zot:5    | Lost mutation: Your muscles are strong. (Str +2) [potion of
                  | mutation]
 67667 | Zot:5    | Gained mutation: You are weak. (Str -2) [potion of
                  | mutation]
 67667 | Zot:5    | Lost mutation: Your spells are a little easier to cast, but
                  | a little less powerful. [potion of mutation]
 67667 | Zot:5    | Gained mutation: You are sometimes teleported next to
                  | monsters. [potion of mutation]
 67668 | Zot:5    | Lost mutation: Armour fits poorly on your strangely shaped
                  | body. [potion of mutation]
 67668 | Zot:5    | Lost mutation: You are strong-willed. (Will+) [potion of
                  | mutation]
 67668 | Zot:5    | Lost mutation: Your flesh is heat resistant. (rF+) [potion
                  | of mutation]
 67668 | Zot:5    | Gained mutation: You are agile. (Dex +2) [potion of
                  | mutation]
 67668 | Zot:5    | Gained mutation: You have large cloven feet. [potion of
                  | mutation]
 67668 | Zot:5    | Lost mutation: You tend to lose your temper in combat.
                  | [potion of mutation]
 67669 | Zot:5    | Lost mutation: You are agile. (Dex +2) [potion of mutation]
 67669 | Zot:5    | Lost mutation: You are weak. (Str -2) [potion of mutation]
 67669 | Zot:5    | Gained mutation: You are resistant to electric shocks.
                  | (rElec) [potion of mutation]
 67669 | Zot:5    | Gained mutation: You occasionally shout uncontrollably at
                  | your foes. [potion of mutation]
 67669 | Zot:5    | Gained mutation: You are very robust. (+20% HP) [potion of
                  | mutation]
 67670 | Zot:5    | Lost mutation: You occasionally shout uncontrollably at
                  | your foes. [potion of mutation]
 67670 | Zot:5    | Lost mutation: You are dopey. (Int -2) [potion of mutation]
 67670 | Zot:5    | Lost mutation: You are sometimes teleported next to
                  | monsters. [potion of mutation]
 67670 | Zot:5    | Gained mutation: You have hidden genetic defects. [potion
                  | of mutation]
 67670 | Zot:5    | Gained mutation: You are extremely robust. (+30% HP)
                  | [potion of mutation]
 67671 | Zot:5    | Lost mutation: You have sharp fingernails. [potion of
                  | mutation]
 67671 | Zot:5    | Lost mutation: You have large cloven feet. [potion of
                  | mutation]
 67671 | Zot:5    | Gained mutation: Your mind is acute. (Int +2) [potion of
                  | mutation]
 67671 | Zot:5    | Gained mutation: You expend magic power (3 MP) to
                  | strengthen your wands. [potion of mutation]
 67671 | Zot:5    | Gained mutation: Your mind is very acute. (Int +4) [potion
                  | of mutation]
 67672 | Zot:5    | Lost mutation: You expend magic power (3 MP) to strengthen
                  | your wands. [potion of mutation]
 67672 | Zot:5    | Lost mutation: You are occasionally teleported next to
                  | monsters. [potion of mutation]
 67672 | Zot:5    | Lost mutation: Your mind is very acute. (Int +4) [potion of
                  | mutation]
 67672 | Zot:5    | Gained mutation: Your mind is very acute. (Int +4) [potion
                  | of mutation]
 67672 | Zot:5    | Gained mutation: You tend to lose your temper in combat.
                  | [potion of mutation]
 67673 | Zot:5    | Lost mutation: Your mind is very acute. (Int +4) [potion of
                  | mutation]
 67673 | Zot:5    | Lost mutation: You are resistant to electric shocks.
                  | (rElec) [potion of mutation]
 67673 | Zot:5    | Gained mutation: Your magical capacity is low. (-10% MP)
                  | [potion of mutation]
 67673 | Zot:5    | Gained mutation: You have sharp toenails. [potion of
                  | mutation]
 67673 | Zot:5    | Gained mutation: Your system is resistant to poisons.
                  | (rPois) [potion of mutation]
 67673 | Zot:5    | Gained mutation: Your mind is very acute. (Int +4) [potion
                  | of mutation]
 67674 | Zot:5    | Lost mutation: Your mind is very acute. (Int +4) [potion of
                  | mutation]
 67674 | Zot:5    | Lost mutation: You have very sharp teeth. [potion of
                  | mutation]
 67674 | Zot:5    | Gained mutation: You expend magic power (3 MP) to
                  | strengthen your wands. [potion of mutation]
 67674 | Zot:5    | Lost mutation: You have hidden genetic defects. [potion of
                  | mutation]
 67674 | Zot:5    | Lost mutation: You are extremely robust. (+30% HP) [potion
                  | of mutation]
 67675 | Zot:5    | Lost mutation: Your mind is acute. (Int +2) [potion of
                  | mutation]
 67675 | Zot:5    | Lost mutation: You expend magic power (3 MP) to strengthen
                  | your wands. [potion of mutation]
 67675 | Zot:5    | Gained mutation: You are weak. (Str -2) [potion of
                  | mutation]
 67675 | Zot:5    | Gained mutation: You are strong-willed. (Will+) [potion of
                  | mutation]
 67675 | Zot:5    | Gained mutation: You have a somewhat thin skeletal
                  | structure. (Dex +2, Stealth+) [potion of mutation]
 67676 | Zot:5    | Lost mutation: Your system is resistant to poisons. (rPois)
                  | [potion of mutation]
 67676 | Zot:5    | Lost mutation: Your magical capacity is low. (-10% MP)
                  | [potion of mutation]
 67676 | Zot:5    | Lost mutation: You have sharp toenails. [potion of
                  | mutation]
 67676 | Zot:5    | Gained mutation: You are agile. (Dex +2) [potion of
                  | mutation]
 67676 | Zot:5    | Gained mutation: You have large cloven feet. [potion of
                  | mutation]
 67677 | Zot:5    | Lost mutation: You are agile. (Dex +2) [potion of mutation]
 67677 | Zot:5    | Lost mutation: You tend to lose your temper in combat.
                  | [potion of mutation]
 67677 | Zot:5    | Gained mutation: You occasionally shout uncontrollably at
                  | your foes. [potion of mutation]
 67677 | Zot:5    | Gained mutation: You are extremely robust. (+30% HP)
                  | [potion of mutation]
 67798 | Zot:5    | Gained mutation: You are occasionally teleported next to
                  | monsters. [an orb of fire]
 67810 | Zot:5    | Killed an orb of fire
 67991 | Zot:5    | Noticed an electric golem
 67993 | Zot:5    | Reached skill level 20 in Fighting
 67997 | Zot:5    | Got the Orb of Zot
 68005 | Zot:5    | Noticed Uter the pandemonium lord
 68123 | Zot:1    | Reached skill level 18 in Evocations
 68284 | Depths:2 | Noticed Baink the pandemonium lord
 68714 | D:$      | Escaped with the Orb!

Vanquished Creatures
  A dread lich (Zot:5)
  3 orbs of fire (Zot:5)
  Mara (Vaults:3)
  A juggernaut (Depths:3)
  A Killer Klown (Zot:5)
  Bai Suzhen (Swamp:3)
  Xtahua (Depths:3)
  Nikola (Swamp:3)
  4 golden dragons
  A mutant beast (WizLab)
  the Enchantress (D:15)
  A Tzitzimitl (D:10)
  An electric golem (Zot:5)
  Rupert (D:13)
  Jorgrun (Spider:1)
  4 tentacled monstrosities
  A hellephant (Depths:4)
  An Ice Fiend (D:11)
  Asterion (Vaults:1)
  13 Orb Guardians
  2 quicksilver dragons
  4 liches
  A deep elf master archer (Elf:3)
  A deep elf blademaster (Elf:3)
  2 sphinxes
  2 shadow dragons
  A death cob (Zot:5)
  Agnes (Elf:1)
  3 tentacled starspawn (Abyss:3)
  4 thorn hunters
  4 tengu reavers
  5 storm dragons
  Roxanne (Swamp:3)
  2 fenstrider witches
  3 draconian monks
  7 fire giants
  Donald (Vaults:3)
  6 frost giants
  Louise (Spider:1)
  4 ghost moths
  3 draconian knights
  An iron dragon (Depths:3)
  11 vault wardens
  6 deep elf sorcerers
  2 draconian scorchers
  3 draconian shifters
  3 deep elf elementalists (Elf:3)
  A ghost moth (shapeshifter) (Vaults:3)
  2 draconian annihilators
  3 orc warlords
  A draconian stormcaller (Zot:5)
  2 reapers
  14 ironbound preservers
  9 emperor scorpions
  5 spriggan defenders
  4 ghouls
  31 very ugly things
  6 ironbound thunderhulks
  18 stone giants
  7 deep elf demonologists
  4 vampire knights
  14 deep elf annihilators
  Azrael (D:12)
  6 green draconians
  2 purple draconians
  3 black draconians
  3 bunyips
  4 eleionomae
  5 white draconians
  An entropy weaver (Vaults:4)
  2 yellow draconians
  5 dire elephants
  A minotaur (Gauntlet)
  4 red draconians
  9 spark wasps
  Snorg (Lair:6)
  6 deep elf death magi (Elf:3)
  5 fire dragons
  11 ettins
  A merfolk javelineer (Depths:1)
  4 shambling mangroves (Swamp:4)
  A crystal guardian (Vaults:2)
  4 deep elf high priests
  3 merfolk impalers (Depths:1)
  14 yaktaur captains
  A quicksilver dragon zombie (Depths:3)
  Harold (D:8)
  3 rakshasas
  Fannar (D:12)
  15 hydras
  4 great orbs of eyes
  3 ogre magi
  A boulder beetle (Spider:2)
  8 vault guards
  2 spriggan air magi (Depths:1)
  A juggernaut simulacrum (Depths:3)
  16 ice dragons
  A peacekeeper (Vaults:2)
  6 ironbound frosthearts
  20 centaur warriors
  A two-headed ogre (shapeshifter) (D:14)
  The ghost of whitenoisemaker the Basher, a journeyman HuMo of Uskayaw (D:11)
  2 death knights
  12 two-headed ogres
  23 dancing weapons
  4 ghost crabs
  9 alligators
  8 death yaks (Lair:6)
  3 catoblepae
  6 deep troll earth magi
  3 vampire magi
  4 spriggan berserkers
  10 tengu warriors
  7 deep troll shamans
  A hell hog (Depths:4)
  6 orc high priests
  The ghost of DEFE the Thaumaturge, a journeyman DECA of Ignis (D:10)
  4 thrashing horrors
  2 soul eaters
  3 sun demons
  Nergalle (D:11)
  8 iron trolls
  The ghost of Etinn the Basher, a novice GrFi of Trog (Lair:1)
  7 deep elf knights
  A wretched star (Abyss:3)
  The ghost of kae the Severer, a novice HOFi of Qazlal (D:7)
  3 sixfirhies
  10 skeletal warriors
  12 goliath frogs
  A sea snake (shapeshifter) (WizLab)
  35 deep trolls
  4 glowing orange brains
  4 flayed ghosts
  A death drake (shapeshifter) (WizLab)
  18 deep elf archers
  3 spriggan druids (Swamp:4)
  5 swamp dragons
  A swamp dragon (shapeshifter) (WizLab)
  5 spectral hydras (Swamp:4)
  5 bog bodies
  6 harpies (Vaults:2)
  8 starcursed masses (Abyss:3)
  4 lindwurms
  12 ironbound convokers
  A shadow dragon zombie (Depths:3)
  A wolf spider zombie (D:15)
  34 deep elf pyromancers
  2 mana vipers
  17 wizards
  A harpy (shapeshifter) (WizLab)
  14 orb spiders
  55 ugly things
  3 oklob plants (Swamp:4)
  A tengu skeleton (Vaults:4)
  3 necromancers
  3 orc sorcerers
  2 worldbinders (Abyss:3)
  A lindwurm (shapeshifter) (WizLab)
  31 wolf spiders
  2 manticores
  33 deep elf zephyrmancers
  7 orc knights
  5 will-o-the-wisps
  5 cyclopes
  5 moths of wrath
  A manticore (shapeshifter) (WizLab)
  Maurice (D:8)
  4 elephants (Lair:5)
  A guardian serpent (shapeshifter) (WizLab)
  5 black mambas
  A toenail golem (Zot:1)
  2 smoke demons
  2 torpor snails
  A black mamba (shapeshifter) (WizLab)
  A titan simulacrum (Depths:3)
  An elephant (shapeshifter) (WizLab)
  A gargoyle (D:14)
  2 ice statues (IceCv)
  A torpor snail (shapeshifter) (WizLab)
  13 vault sentinels
  20 cane toads
  14 rime drakes
  2 yaktaurs (shapeshifter)
  A human zombie (Vaults:4)
  A komodo dragon (shapeshifter) (D:14)
  2 freezing wraiths
  40 yaktaurs
  2 tengu conjurers
  3 entropy weaver simulacra (IceCv)
  An unseen horror (D:11)
  6 komodo dragons
  An efreet (D:15)
  2 hydra zombies (Swamp:4)
  10 demonic crawlers
  A hellwing (Gauntlet)
  7 ice devils
  16 trolls
  3 trolls (shapeshifter)
  2 red devils
  31 jumping spiders
  A meliai (shapeshifter) (WizLab)
  5 death drake zombies (Swamp:4)
  A wind drake (shapeshifter) (WizLab)
  A harpy skeleton (D:15)
  Prince Ribbit (D:9)
  A hydra skeleton (Swamp:4)
  13 tyrant leeches
  A polar bear (Lair:4)
  40 blink frogs
  A death drake skeleton (Swamp:4)
  13 hornets
  21 slime creatures
  2 raiju (Abyss:3)
  17 large abominations
  A dream sheep (shapeshifter) (Depths:3)
  A meliai zombie (D:15)
  A flying skull (Abyss:3)
  A vampire (D:12)
  15 tarantellas
  A tarantella (shapeshifter) (Abyss:3)
  7 spriggans
  60 redbacks
  10 water elementals
  An elf zombie (Vaults:4)
  A ynoxinul (Abyss:3)
  7 fire elementals
  67 yaks
  8 wyverns
  15 humans
  A human (shapeshifter) (D:13)
  A golden eye (shapeshifter) (WizLab)
  7 wraiths
  Grum (D:9)
  2 basilisks
  A neqoxec (D:14)
  3 steam dragons
  A chaos spawn (Abyss:3)
  Menkaure (D:4)
  Edmund (D:6)
  An iron golem (WizLab)
  13 vampire mosquitoes
  A warg (shapeshifter) (WizLab)
  A harpy simulacrum (IceCv)
  A death yak simulacrum (IceCv)
  An acid dragon (D:11)
  20 swamp worms
  2 wargs (Orc:1)
  2 hydra simulacra
  20 water moccasins
  4 hell hounds
  Duvessa (D:4)
  A water moccasin (shapeshifter) (WizLab)
  4 floating eyes (WizLab)
  27 ogres
  2 swamp dragon zombies (Swamp:4)
  An ice beast (D:7)
  7 swamp drakes
  24 orc warriors
  11 black bears
  A sky beast (shapeshifter) (WizLab)
  4 necrophages
  8 wolves
  5 boggarts
  18 centaurs
  A phantom (D:5)
  2 kobold brigands
  23 bullfrogs
  A two-headed ogre simulacrum (IceCv)
  A wyvern zombie (D:7)
  3 earth elementals
  13 small abominations
  4 cane toad simulacra
  A water moccasin zombie (D:6)
  A scorpion (D:5)
  A scorpion (shapeshifter) (WizLab)
  Dowan (D:4)
  A blink frog simulacrum (Lair:1)
  A killer bee (shapeshifter) (WizLab)
  22 killer bees
  8 wights
  5 electric eels
  5 jellies
  A torpor snail simulacrum (Lair:1)
  4 centaur zombies
  19 orc priests
  A hound (shapeshifter) (WizLab)
  5 hounds
  2 centaur skeletons
  A gnoll shaman (D:8)
  Crazy Yiuf (D:2)
  An iguana (Lair:3)
  Terence (D:2)
  21 orc wizards
  A polar bear simulacrum (IceCv)
  2 lightning spires (Swamp:3)
  3 spriggan simulacra (IceCv)
  5 troll simulacra (IceCv)
  A bullfrog simulacrum (Lair:1)
  A hound skeleton (D:4)
  A mummy (D:6)
  4 howler monkey zombies
  8 gnolls
  2 naga simulacra (IceCv)
  8 adders
  4 river rats (D:3)
  3 shadow imps
  6 white imps
  6 ufetubi
  An adder skeleton (D:4)
  3 worms
  4 dart slugs
  69 orcs
  5 endoplasms
  7 giant cockroaches (Sewer)
  4 goblins
  8 hobgoblins
  6 quokkas
  13 ball pythons
  4 bats
  5 frilled lizards
  20 kobolds
  7 rats
  A ball lightning (Swamp:3)
  11 briar patches (Swamp:4)
  A lurking horror (Abyss:3)
  6 starspawn tentacles (Abyss:3)
2012 creatures vanquished.

Vanquished Creatures (others)
  A golden dragon (Depths:3)
  A tentacled monstrosity (Zot:4)
  An Orb Guardian (Zot:5)
  A walking frostbound tome (Depths:3)
  A draconian knight (Zot:1)
  A draconian scorcher (Zot:5)
  A ghost moth (Spider:3)
  The ghost of sn0wgr3 the Tortoise, a journeyman MiFi of Gozag (Swamp:1)
  A deep elf annihilator (Elf:3)
  A red draconian (Zot:5)
  An ettin (Depths:3)
  A blizzard demon (Depths:4)
  A hell beast (Depths:4)
  2 hydras
  A centaur warrior (Vaults:1)
  A deep troll shaman (Depths:1)
  A tengu warrior (D:14)
  A vampire mage (Depths:1)
  A spriggan berserker (Depths:3)
  2 deep elf knights (Elf:1)
  A deep troll (Vaults:4)
  A goliath frog (Swamp:4)
  An ironbound convoker (Vaults:2)
  2 wizards
  A deep elf pyromancer (Elf:1)
  A deep elf zephyrmancer (Elf:3)
  An ugly thing (Vaults:3)
  3 wolf spiders
  A moth of wrath (Zot:5)
  2 vault sentinels
  A rime drake (Lair:1)
  A cane toad (Lair:6)
  3 yaktaurs
  A demonic crawler (Spider:4)
  A bloated husk (Swamp:2)
  2 tyrant leeches (Spider:1)
  A slime creature (Vaults:1)
  A large abomination (Abyss:2)
  A human (D:12)
  A vampire mosquito (D:12)
  2 small abominations (Abyss:3)
  A black bear (D:5)
  A boggart (Vaults:2)
  An earth elemental (Elf:1)
  A water moccasin skeleton (D:4)
  An orc priest (Elf:2)
  4 orcs
  A ball lightning (Swamp:3)
  A briar patch (Swamp:4)
  2 demonic plants (Gauntlet)
  10 foxfires
  82 fungi
  213 plants
  5 starspawn tentacles (Abyss:3)
374 creatures vanquished.

Grand Total: 2386 creatures vanquished

Table legend: (Time is in decaauts)
 A = Elapsed time spent in this place.
 B = Non-inter-level travel time spent in this place.
 C = Inter-level travel time spent in this place.
 D = Time resting spent in this place.
 E = Time spent auto-exploring this place.
 F = Levels seen in this place.
 G = Mean time per level.
                   A        B        C        D        E       F      G
               +--------+--------+--------+--------+--------+-----+--------+
         Total |  68640 |  63207 |   5433 |   9869 |  35367 |  58 | 1183.4 |
       Dungeon |  20719 |  18000 |   2719 |   1491 |  12806 |  15 | 1381.3 |
        Temple |      1 |      1 |      0 |      0 |      0 |   1 |    1.0 |
          Lair |   9856 |   9121 |    735 |   1141 |   6276 |   6 | 1642.7 |
         Swamp |   4341 |   4123 |    218 |    784 |   1909 |   4 | 1085.2 |
   Spider Nest |   4865 |   4572 |    293 |    371 |   2855 |   4 | 1216.2 |
  Orcish Mines |   2797 |   2600 |    197 |   1182 |    960 |   2 | 1398.5 |
   Elven Halls |   4229 |   3997 |    232 |    428 |   1873 |   3 | 1409.7 |
        Vaults |   7371 |   6828 |    543 |    549 |   4149 |   4 | 1842.8 |
        Depths |   6436 |   5954 |    482 |   1168 |   3016 |   4 | 1609.0 |
           Zot |   3214 |   3203 |     11 |   1085 |    445 |   5 |  642.8 |
         Abyss |    633 |    633 |      0 |      0 |      0 |   5 |  126.6 |
         Trove |     33 |     33 |      0 |      0 |      0 |   1 |   33.0 |
         Sewer |    789 |    789 |      0 |    141 |    443 |   1 |  789.0 |
      Ice Cave |   1916 |   1916 |      0 |   1223 |    327 |   1 | 1916.0 |
        Wizlab |    989 |    989 |      0 |    144 |    233 |   1 |  989.0 |
      Gauntlet |    443 |    443 |      0 |    159 |     74 |   1 |  443.0 |
               +--------+--------+--------+--------+--------+-----+--------+

Top non-repeatable levels by time:
    D:11: 2962 daAuts
  Lair:1: 2091 daAuts
Depths:3: 2055 daAuts
   Elf:3: 2054 daAuts
   Zot:5: 2044 daAuts
  Lair:6: 2024 daAuts
    D:15: 1922 daAuts
   IceCv: 1916 daAuts
Vaults:4: 1888 daAuts
Vaults:1: 1887 daAuts
   Orc:1: 1876 daAuts
Vaults:2: 1844 daAuts
Depths:1: 1834 daAuts
Spider:3: 1793 daAuts
Vaults:3: 1750 daAuts

Table legend:
 A = Non-vault XP
 B = Vault XP
 C = Vault XP percentage of total XP
 D = Non-vault monster count
 E = Vault monster count
 F = Vault count percentage of total count
                 A         B        C        D         E       F
            +---------+---------+-------+---------+---------+-------
      Total |  564031 |  436852 |  43.6 |    1252 |     774 |  38.2
            +---------+---------+-------+---------+---------+-------
        D:1 |      42 |       0 |   0.0 |      16 |       0 |   0.0
        D:2 |      33 |      76 |  69.7 |      11 |       2 |  15.4
        D:3 |     114 |      74 |  39.4 |      22 |      15 |  40.5
        D:4 |     410 |     388 |  48.6 |      21 |       5 |  19.2
        D:5 |    1254 |       0 |   0.0 |      27 |       0 |   0.0
        D:6 |     403 |     232 |  36.5 |      14 |       3 |  17.6
        D:7 |    1194 |    1580 |  57.0 |      15 |       2 |  11.8
        D:8 |     963 |    2677 |  73.5 |      31 |      12 |  27.9
        D:9 |    1532 |    1325 |  46.4 |      15 |      14 |  48.3
       D:10 |    2271 |     796 |  26.0 |      20 |       1 |   4.8
       D:11 |    3843 |    3454 |  47.3 |      19 |      20 |  51.3
       D:12 |    7308 |    3638 |  33.2 |      27 |      10 |  27.0
       D:13 |    4523 |    6451 |  58.8 |      14 |      17 |  54.8
       D:14 |   10643 |    7557 |  41.5 |      20 |      11 |  35.5
       D:15 |   21285 |   10442 |  32.9 |      27 |      14 |  34.1
     Lair:1 |    4424 |    3636 |  45.1 |      16 |      15 |  48.4
     Lair:2 |    6057 |    1799 |  22.9 |      17 |       5 |  22.7
     Lair:3 |    8231 |    3851 |  31.9 |      36 |      17 |  32.1
     Lair:4 |    5559 |    2916 |  34.4 |      28 |      11 |  28.2
     Lair:5 |    4063 |     177 |   4.2 |      15 |       1 |   6.2
     Lair:6 |   17776 |   11682 |  39.7 |      45 |      39 |  46.4
    Swamp:1 |    9145 |    8571 |  48.4 |      18 |      17 |  48.6
    Swamp:2 |   12716 |       0 |   0.0 |      21 |       0 |   0.0
    Swamp:3 |   12852 |   14154 |  52.4 |      26 |      15 |  36.6
    Swamp:4 |    7282 |   19428 |  72.7 |      12 |      35 |  74.5
   Spider:1 |   16107 |    5967 |  27.0 |      49 |      14 |  22.2
   Spider:2 |    6490 |       0 |   0.0 |      15 |       0 |   0.0
   Spider:3 |   14025 |    1893 |  11.9 |      45 |       4 |   8.2
   Spider:4 |    8903 |   19590 |  68.8 |      23 |      40 |  63.5
      Orc:1 |    5196 |    5781 |  52.7 |      44 |      15 |  25.4
      Orc:2 |    2751 |    9945 |  78.3 |      14 |      25 |  64.1
      Elf:1 |   21975 |    9691 |  30.6 |      36 |      18 |  33.3
      Elf:2 |   24800 |   14510 |  36.9 |      46 |      33 |  41.8
      Elf:3 |   19155 |   33031 |  63.3 |      28 |      31 |  52.5
   Vaults:1 |   29896 |    9913 |  24.9 |      45 |      10 |  18.2
   Vaults:2 |   32888 |   18042 |  35.4 |      52 |      33 |  38.8
   Vaults:3 |   24971 |   24726 |  49.8 |      43 |      31 |  41.9
   Vaults:4 |   27826 |   20684 |  42.6 |      47 |      27 |  36.5
   Depths:1 |   28624 |    7392 |  20.5 |      40 |       9 |  18.4
   Depths:2 |   15878 |   21250 |  57.2 |      16 |      22 |  57.9
   Depths:3 |   31004 |   25807 |  45.4 |      31 |      23 |  42.6
   Depths:4 |   33338 |   20377 |  37.9 |      38 |      20 |  34.5
      Zot:1 |   12515 |       0 |   0.0 |      12 |       0 |   0.0
      Zot:2 |    1909 |       0 |   0.0 |       1 |       0 |   0.0
      Zot:3 |    4066 |       0 |   0.0 |       5 |       0 |   0.0
      Zot:4 |   11270 |       0 |   0.0 |      10 |       0 |   0.0
      Zot:5 |   21619 |   45080 |  67.6 |      20 |      19 |  48.7
    Abyss:2 |    4648 |       0 |   0.0 |      14 |       0 |   0.0
    Abyss:3 |   20254 |    5712 |  22.0 |      45 |       9 |  16.7
      Sewer |       0 |     202 | 100.0 |       0 |      20 | 100.0
      IceCv |       0 |    6200 | 100.0 |       0 |      33 | 100.0
     WizLab |       0 |   21679 | 100.0 |       0 |      50 | 100.0
   Gauntlet |       0 |    4476 | 100.0 |       0 |       7 | 100.0
            +---------+---------+-------+---------+---------+-------
